 Dungeon Crawl Stone Soup version 0.30.0-29-ga12c61a403 (webtiles) character file.

Game seed: 9005090847275429168

108 Elmgren the Ruffian (level 4, -10/45 HPs)
             Began as a Troll Berserker on June 22, 2023.
             Was a Follower of Trog.
             Mangled by Sigmund
             ... wielding a +0 scythe
              (11 damage)
             ... on level 2 of the Dungeon.
             The game lasted 00:01:40 (1168 turns).

Elmgren the Ruffian (Troll Berserker)               Turns: 1168, Time: 00:01:40

Health: -10/45     AC:  4    Str: 27    XL:     4   Next: 58%
Magic:  3/3        EV: 10    Int:  3    God:    Trog [*.....]
Gold:   50         SH:  0    Dex:  9    Spells: 3/3 levels left

rFire   . .          .
                       - Unarmed
rCold   . . .        (no shield)
rNeg    . . .        a - +0 animal skin
rPois   .            (helmet restricted)
rElec   .            (no cloak)
rCorr   .            (gloves unavailable)
SInv    .            (boots unavailable)
Will    .....        (no amulet)
Stlth   +            (no ring)
HPRegen 1.07/turn    (no ring)
MPRegen 0.08/turn

%: no passive effects
@: on berserk cooldown, slowed, very slow
A: large, unfitting armour, claws 3, regeneration 1, shaggy fur 1, tough skin 1
a: Renounce Religion, Berserk


You were on level 2 of the Dungeon.
You worshipped Trog.
Trog was aware of your devotion.
You visited 1 branch of the dungeon, and saw 2 of its levels.

You collected 50 gold pieces.

Inventory:

Armour
 a - a +0 animal skin (worn)
Scrolls
 b - 7 scrolls of identify {unknown}
 d - a scroll of amnesia {unknown}
 e - a scroll of blinking {unknown}
 i - a scroll of magic mapping {unknown}
Potions
 c - a potion of mutation {unknown}
 f - 2 potions of curing {unknown}
 g - a potion of berserk rage {unknown}
 h - a potion of lignification {unknown}


   Skills:
 + Level 3.5 Fighting
 - Level 2.4 Dodging
 + Level 4.3 Unarmed Combat


You had 3 spell levels left.
You didn't know any spells.
Your spell library was empty.

Dungeon Overview and Level Annotations

Branches:
Dungeon (2/15) Zot: 10827

Altars:

Annotations:
D:2 Sigmund


Innate Abilities, Weirdness & Mutations

You are too large for most types of armour.
You have claws for hands.
Your natural rate of healing is unusually fast.
You are covered in fur. (AC +1)
You have tough skin. (AC +1)


Message History

The bat hits you but does no damage. Something hits you.
* * * LOW HITPOINT WARNING * * *
The jackal bites you but does no damage.
You take 6 damage, and have 31/67 hp.
You miss something. The bat hits you but does no damage.
The jackal barely misses you. The jackal misses you.
You barely miss something.
The jackal bites you but does no damage.
The bat barely misses you. Something hits you but does no damage.
You miss something.
You are no longer berserk.
You are exhausted.
You feel yourself slow down. The bat hits you but does no damage.
The jackal barely misses you. The jackal closely misses you.
You now have 23/45 hp.
You miss something. The bat hits you but does no damage.
The jackal bites you but does no damage.
The jackal bites you.
You hear some strange, mumbled words.
A puff of flame appears from out of thin air!
The puff of flame hits you!
* * * LOW HITPOINT WARNING * * *
The jackal bites you but does no damage.
The jackal bites you.
* * * LOW HITPOINT WARNING * * *
You take 8 damage, and have 15/45 hp.
You miss something. The bat misses you. The bat hits you but does no damage.
The jackal bites you.
* * * LOW HITPOINT WARNING * * *
The jackal closely misses you. Something hits you!
* * * LOW HITPOINT WARNING * * *
The jackal bites you.
* * * LOW HITPOINT WARNING * * *
The jackal closely misses you.
You take 12 damage, and have 3/45 hp.
MASSIVE DAMAGE!!
You claw something! The bat closely misses you. The bat misses you.
The jackal bites you.
* * * LOW HITPOINT WARNING * * *
The jackal barely misses you. Something hits you!
You die...

#######.# #..# #.#.# ######
........###÷####.#.#####....#
#.....................)...#..
..≈≈≈≈≈.≈≈≈≈≈.≈≈≈≈≈.≈≈≈≈≈.###
#.≈###≈.≈###≈.≈###≈.≈###≈.# #
.. #≈.≈# #≈.≈# #≈.≈# #≈.# # .
#≈.≈###b.≈###≈.≈###≈.###
≈≈≈.≈≈≈≈≈.≈≈≈≈≈.≈≈≈≈≈....
........{@h............#.#
≈≈≈≈.≈≈≈≈≈h≈≈≈≈≈.≈≈≈≈≈...#
#≈.≈###≈h≈###≈.≈###≈.### #≈.≈
#≈h≈# ≈.≈ #≈.# # #≈. #≈.≈#
≈.≈###≈.# # ≈≈.≈≈ ≈.≈≈≈≈≈.###
...... .........##
≈≈.≈≈≈≈≈.≈≈≈≈≈..##
≈.≈###≈....


You could see 4 jackals and a bat.

Vanquished Creatures
  Natasha (thrice) (D:2)
  An adder (D:2)
  A worm (D:2)
  An endoplasm (D:2)
  2 giant cockroaches (D:2)
  3 hobgoblins
  2 quokkas (D:2)
  A ball python (D:2)
  4 bats
  A frilled lizard (D:2)
  2 kobolds
  4 rats
25 creatures vanquished.

Notes
Turn   | Place    | Note
-------+----------+-------------------------------------------
     0 | D:1      | Elmgren the Troll Berserker began the quest for the Orb.
     0 | D:1      | Reached XP level 1. HP: 22/22 MP: 0/0
   389 | D:1      | You fall into a shaft and drop 1 floor!
   406 | D:2      | Reached XP level 2. HP: 29/29 MP: 1/1
   635 | D:2      | Noticed Natasha
   646 | D:2      | Killed Natasha
   647 | D:2      | Reached XP level 3. HP: 21/37 MP: 2/2
   721 | D:2      | Noticed Natasha
   728 | D:2      | Killed Natasha
   729 | D:2      | Reached skill level 4 in Unarmed Combat
   729 | D:2      | Reached XP level 4. HP: 45/45 MP: 3/3
   881 | D:2      | Reached ** piety under Trog
  1035 | D:2      | Noticed Natasha
  1049 | D:2      | Killed Natasha
  1084 | D:2      | Identified the +0 helmet of Impermeability {-Cast rF+
                  | Dex+2}
  1140 | D:2      | Noticed Sigmund
  1168 | D:2      | HP: 1/45 [jackal (3)]
  1168 | D:2      | Mangled by Sigmund

Illustrated notes

Levels and vault maps discovered:
D:1:      lightli_arrival_statue_moat, layout_loops_ring,
          dreamdust_ecumenical_altar_drowned_temple,
          ebering_dispersal_statue_hall
D:2:      layout_basic, kennysheep_boxes, uniq_sigmund, uniq_natasha

Skill      XL: |  1  2  3 |
---------------+----------+-----
Fighting       | 3 |  3.5
Unarmed Combat | 4 |  4.3
Dodging        | |  2.4

Action                     |  1- 3 |  4- 6 || total
---------------------------+-------+-------++-------
  Melee: Unarmed           |    53 |    41 ||    94
 Invoke: Berserk           |       |     1 ||     1
 Armour: Animal skin       |    21 |    28 ||    49
  Dodge: Dodged            |    35 |    41 ||    76
